 Dungeon Crawl Stone Soup version 0.27.1-2-g3b301248ec (webtiles) character file.

Game seed: 5838474868014946774

106490 monk26 the Imperceptible (level 15, 18/120 HPs)
             Began as a Vampire Enchanter on Sept 23, 2021.
             Was the Champion of Dithmenos.
             Quit the game on level 1 of the Snake Pit on Sept 24, 2021.
             The game lasted 02:09:13 (31253 turns).

monk26 the Imperceptible (Vampire Enchanter)       Turns: 31253, Time: 02:09:14

Health: 18/120     AC: 11    Str: 13    XL:     15   Next: 97%
Magic:  11/30      EV: 19    Int: 30    God:    Dithmenos [******]
Gold:   1765       SH: 10    Dex: 17    Spells: 4/22 levels left

rFire    . . .     SeeInvis +   f - +5 quick blade (elec)
rCold    . . .     Faith    .   I - +0 buckler
rNeg     . . .     Spirit   .   g - +0 troll leather armour {Purgy}
rPois    .         Reflect  +   n - +1 helmet
rElec    .         Harm     .   r - +1 cloak of the Desert {MP+9 Stlth+}
rCorr    .         Rampage  .   u - +0 pair of gloves
Will     +....                  A - +1 pair of boots {Stlth+} Stlth *********+
                                a - amulet of reflection
HPRegen  1.50/turn              M - +6 ring of intelligence
MPRegen  0.22/turn              J - +6 ring of strength

@: mildly poisoned (18 -> 15), confusing by touch, healing quickly, wreathed by
umbra
A: alive, fangs 3, see invisible, vampiric 2, agile 1
a: Exsanguinate, Renounce Religion, Shadow Step, Shadow Form


You were on level 1 of the Snake Pit.
You worshipped Dithmenos.
Dithmenos was exalted by your worship.
You visited 4 branches of the dungeon, and saw 25 of its levels.
You also visited: Sewer, Gauntlet and Ice Cave.

You collected 2249 gold pieces.
You spent 484 gold pieces at shops.

Inventory:

Hand Weapons
 f - a +5 quick blade of electrocution (weapon)
Missiles
 e - 129 poisoned darts (quivered)
 m - 3 throwing nets
 K - 6 curare-tipped darts
 Q - 6 atropa-tipped darts
 V - 5 datura-tipped darts
Armour
 g - a +0 troll leather armour (worn) {Purgy}
 n - a +1 helmet (worn)
 r - the +1 cloak of the Desert (worn) {MP+9 Stlth+}
   (You found it on level 13 of the Dungeon)

   MP:        It affects your magic capacity (+9).
   Stlth:     It makes you more stealthy.
 u - a +0 pair of gloves (worn)
 A - a +1 pair of boots of stealth (worn)
 I - a +0 buckler (worn)
Jewellery
 a - an amulet of reflection (around neck)
 B - a ring of positive energy
 J - a +6 ring of strength (right hand)
 M - a +6 ring of intelligence (left hand)
Wands
 x - a wand of paralysis (18)
 D - a wand of flame (17)
 H - a wand of acid (18)
 L - a wand of digging (1)
 N - a wand of iceblast (43)
Scrolls
 j - a scroll of vulnerability
 o - 6 scrolls of enchant armour
 p - 4 scrolls of magic mapping
 s - 4 scrolls of fog
 t - 2 scrolls of teleportation
 v - 7 scrolls of amnesia
 z - 3 scrolls of blinking
 G - 2 scrolls of silence
Potions
 d - a potion of might
 h - 2 potions of haste
 i - 5 potions of ambrosia
 k - 4 potions of brilliance
 l - 3 potions of cancellation
 q - 4 potions of curing
 y - a potion of invisibility
 C - 5 potions of attraction
 F - 5 potions of lignification
 O - 5 potions of flight
 P - 2 potions of magic {unknown}
 R - a potion of berserk rage {unknown}
 T - 4 potions of mutation
Miscellaneous
 S - a box of beasts


   Skills:
 - Level 12.0 Fighting
 - Level 9.5 Short Blades
 + Level 12.3 Dodging
 - Level 21.0 Stealth
 - Level 4.0 Shields
 - Level 4.0 Spellcasting
 + Level 19.4 Hexes
 - Level 2.0 Translocations
 - Level 4.0 Ice Magic


You had 4 spell levels left.
You knew the following spells:

 Your Spells              Type           Power      Damage    Failure   Level
a - Confusing Touch       Hex            89%        N/A       0%          3
b - Ensorcelled Hibernat  Hex/Ice        100%       N/A       1%          2
c - Corona                Hex            98%        N/A       0%          1
d - Tukima's Dance        Hex            89%        N/A       0%          3
e - Blink                 Tloc           N/A        N/A       5%          2
f - Dazzling Flash        Conj/Hex       100%       N/A       1%          3
g - Cause Fear            Hex            44%        N/A       1%          4

Your spell library contained the following spells:

 Spells                   Type           Power      Damage    Failure   Level
 Slow                     Hex            89%        N/A       0%          2
 Inner Flame              Hex/Fire       59%        N/A       1%          3
 Frozen Ramparts          Ice            60%        1d8       4%          3
 Ozocubu's Armour         Ice            30%        N/A       4%          3
 Foxfire                  Conj/Fire      24%        2x1d5     9%          1
 Magic Dart               Conj           24%        1d4       9%          1
 Sting                    Tmut/Pois      24%        1d4       9%          1
 Lesser Beckoning         Tloc           9%         N/A       11%         3
 Call Imp                 Summ           6%         N/A       12%         2
 Corpse Rot               Necr/Air       N/A        N/A       12%         2
 Poisonous Vapours        Pois/Air       12%        N/A       12%         2
 Conjure Flame            Conj/Fire      6%         6-21      24%         3
 Ignite Poison            Fire/Tmut/Pois 6%         N/A       24%         3
 Mephitic Cloud           Conj/Pois/Air  6%         N/A       24%         3
 Vampiric Draining        Necr           3%         2d6       24%         3
 Passage of Golubria      Tloc           N/A        N/A       34%         4
 Animate Armour           Summ/Erth      12%        N/A       63%         4
 Animate Dead             Necr           3%         N/A       63%         4
 Olgreb's Toxic Radiance  Pois           6%         N/A       63%         4
 Petrify                  Tmut/Erth      6%         N/A       63%         4
 Metabolic Englaciation   Hex/Ice        33%        N/A       1%          5
 Summon Mana Viper        Hex/Summ       59%        N/A       4%          5
 Yara's Violent Unravell  Hex/Tmut       29%        3d12      4%          5
 Manifold Assault         Tloc           18%        N/A       69%         5
 Freezing Cloud           Conj/Ice/Air   6%         6-21      80%         5
 Blade Hands              Tmut           3%         N/A       92%         5
 Dispersal                Tloc           9%         N/A       99%         6
 Simulacrum               Ice/Necr       9%         N/A       99%         6
 Iron Shot                Conj/Erth      3%         9d2       100%        6
 Starburst                Conj/Fire      3%         6d3       100%        6
 Statue Form              Tmut/Erth      4%         N/A       100%        6
 Dragon Form              Tmut           3%         N/A       100%        7
 Haunt                    Necr/Summ      3%         N/A       100%        7
 Ozocubu's Refrigeration  Ice            15%        4d8       100%        7
 Storm Form               Tmut/Air       3%         N/A       100%        7
 Disjunction              Tloc           9%         N/A       100%        8
 Ignition                 Fire           3%         3d4       100%        8
 Infestation              Necr           3%         N/A       100%        8
 Dragon's Call            Summ           3%         N/A       100%        9


Dungeon Overview and Level Annotations

Branches:
Dungeon (15/15)            Temple (0/1) D:7            Lair (6/6) D:8
 Shoals (0/4) Lair:4        Snake (2/4) Lair:4        Slime (0/5) Lair:5
    Orc (2/2) D:9             Elf (0/3) Orc:2        Vaults (0/5) D:14
 Depths (0/5) D:15          Sewer (visited)           IceCv (visited)
Gauntlet (visited)

Altars:
Cheibriados
Dithmenos
Elyvilon
Gozag
Hepliaklqana
Kikubaaqudgha
Makhleb
Nemelex Xobeh
Sif Muna
Uskayaw
Xom
Yredelemnul
The Shining One
Beogh

Shops:
D:13 [   Orc:2 [[([

Portals:
Hell: Lair:6
Trove: D:15 (give +6 demon whip)

Annotations:
D:7 1 runed translucent door, exclusion: 4 orange crystal statues
D:12 exclusion: wizard
Lair:1 exclusion: oklob plant
Snake:1 Aizul


Innate Abilities, Weirdness & Mutations

Your natural rate of healing is accelerated.
You have razor-sharp teeth.
You have supernaturally acute eyesight. (SInv)
You are afflicted with vampirism and can become a bat while bloodless.
You are agile. (Dex +2)


Message History

The poison arrow hits you!
You are poisoned.
* * * LOW HITPOINT WARNING * * *
You take 8 damage, and have 32/120 hp.
Casting: Ensorcelled Hibernation (safe; 1% risk of failure)
Confirm with . or Enter, or press ? or * to list all spells.
Okay, then.
Casting: Ensorcelled Hibernation (safe; 1% risk of failure)
Confirm with . or Enter, or press ? or * to list all spells.
Your hands begin to glow red.
You feel very sick. Aizul completely misses you.
You take 4 damage, and have 28/120 hp.
You now have 13/30 mp.
You hit Aizul but do no damage.
You feel sick. Aizul hits you.
* * * LOW HITPOINT WARNING * * *
You take 7 damage, and have 21/120 hp.
Okay, then.
You hit Aizul but do no damage.
Your shadow closely misses Aizul.
You feel sick.
You take 1 damage, and have 20/120 hp.
You hit Aizul but do no damage.
Your shadow hits Aizul but does no damage.
You feel sick. Aizul hits you but does no damage.
You take 1 damage, and have 19/120 hp.
Casting: Confusing Touch (safe; 0% risk of failure)
Confirm with . or Enter, or press ? or * to list all spells.
You blink.
You feel very sick. Aizul casts a spell at you.
The poison arrow reflects off an invisible shield around you!
The poison arrow hits Aizul!!
Aizul partially resists.
Aizul is poisoned.
You take 1 damage, and have 18/120 hp.
You now have 11/30 mp.
Press: ? - help, v - describe, . - travel, g - get item
Here: Aizul (black smoke, lightly wounded, very poisoned, chance to confuse on hit: 10%, umbra) Item here: a black mamba corpse.
The floor, spattered with blood.
Casting: Blink (safe; 5% risk of failure)
Confirm with . or Enter, or press ? or * to list all spells.
Okay, then.
Are you sure you want to abandon this character and quit the game? (Confirm with "yes".)

................
##...................
....................
..............##....
.............###.#.
#............###.##
##....§.§..........#
##.......S§§.........
#...@....§§§§........
#..........§§§§§.§##....
###........§§.§§N.......
######.?.§§§.§###....#
##...§§.N# #....#
##......# ##...#
#......# #....# #.......
#....# ##....####.....


You could see Aizul (very poisoned).

Vanquished Creatures
  Rupert (Lair:6)
  Kirke (Lair:6)
  An orc warlord (Orc:1)
  A very ugly thing (D:15)
  Nessos (Orc:2)
  A dire elephant (Lair:6)
  A minotaur (Gauntlet)
  An ettin (Orc:1)
  A great orb of eyes (D:15)
  12 hydras
  A vault guard (D:15)
  2 naga warriors (Snake:1)
  2 boulder beetles
  An anaconda (Snake:1)
  A hell beast (Lair:6)
  5 centaur warriors
  2 two-headed ogres
  4 dancing weapons
  A death knight (D:12)
  2 tengu warriors
  The ghost of funkygono the Arsonist, a journeyman GrFE of Vehumet (Lair:1)
  3 orc high priests (Orc:2)
  6 death yaks
  Sonja (Lair:4)
  Nergalle (D:11)
  10 skeletal warriors
  8 orc knights
  A wizard (Lair:6)
  2 deep elf pyromancers
  15 ugly things
  A necromancer (Lair:3)
  4 cyclopes
  2 orc sorcerers (Orc:1)
  An oklob plant (Lair:1)
  A salamander (Snake:1)
  2 manticores
  A guardian serpent (Snake:1)
  13 black mambas
  6 elephants (Lair:6)
  A gargoyle (D:12)
  An orange demon (Lair:6)
  13 cane toads
  An unseen horror (D:13)
  Maggie (D:6)
  Psyche (D:8)
  A kobold demonologist (D:8)
  4 rime drakes (Lair:6)
  A tengu conjurer (D:15)
  4 komodo dragons
  5 ice devils
  2 freezing wraiths (D:12)
  2 polar bears
  A komodo dragon (shapeshifter) (D:15)
  A hellwing (Lair:6)
  2 red devils (Lair:6)
  4 trolls
  13 slime creatures
  16 blink frogs
  3 wraiths (D:12)
  2 hogs (Lair:6)
  A wyvern (D:10)
  43 yaks
  5 basilisks
  A steam dragon (D:6)
  5 nagas (Snake:1)
  5 vampire mosquitoes
  A warg (D:15)
  3 acid dragons
  4 hell hounds (Lair:6)
  12 water moccasins
  Purgy (Sewer)
  3 black bears
  A sky beast (D:7)
  2 ice beasts (D:7)
  32 orc warriors
  7 ogres
  11 wolves
  16 centaurs
  4 boggarts
  2 phantoms (D:6)
  A two-headed ogre simulacrum (IceCv)
  17 bullfrogs
  5 kobold brigands
  2 scorpions
  A wyvern zombie (D:7)
  A wyvern skeleton (D:5)
  9 killer bees
  3 wights (D:9)
  4 electric eels (Lair:1)
  4 howler monkeys
  4 centaur zombies
  4 bullfrog zombies
  3 jellies
  29 orc priests
  A gnoll shaman (D:6)
  3 hounds
  An iron imp (D:8)
  A bullfrog skeleton (D:6)
  20 orc wizards
  5 hell rats (Lair:5)
  A spriggan simulacrum (IceCv)
  2 yak simulacra (Lair:3)
  3 polar bear simulacra
  6 wolf simulacra (Lair:3)
  7 gnolls
  2 howler monkey skeletons
  7 adders
  2 river rats (D:6)
  2 shadow imps (D:8)
  2 ufetubi
  2 worms (D:2)
  83 orcs
  11 ball pythons
  6 endoplasms
  4 giant cockroaches
  4 goblins
  7 hobgoblins
  6 jackals
  3 quokkas
  10 bats
  6 frilled lizards
  38 kobolds
  14 kobold skeletons (D:8)
  4 kobold zombies (D:8)
  10 rats
  2 river rat simulacra (Lair:3)
721 creatures vanquished.

Vanquished Creatures (collateral kills)
  A death knight (D:14)
  A centaur warrior (D:15)
  2 orc high priests (Orc:2)
  3 orc knights
  An orc sorcerer (D:15)
  8 orc warriors
  2 centaurs (D:15)
  A gnoll sergeant (D:9)
  2 orc priests
  2 orc wizards (Orc:2)
  6 gnolls
  4 orcs
  4 kobolds (D:10)
37 creatures vanquished.

Vanquished Creatures (others)
  A wizard (D:14)
  2 dancing weapons (D:6)
  3 humans (Lair:6)
  2 orc priests
  An orc (D:9)
  13 fungi
  25 plants
47 creatures vanquished.

Grand Total: 805 creatures vanquished

Notes
Turn   | Place    | Note
-------+----------+-------------------------------------------
     0 | D:1      | monk26 the Vampire Enchanter began the quest for the Orb.
     0 | D:1      | Reached XP level 1. HP: 13/13 MP: 3/3
   140 | D:1      | Reached skill level 5 in Stealth
   268 | D:1      | Reached XP level 2. HP: 14/17 MP: 5/5
   671 | D:1      | Reached skill level 6 in Stealth
   703 | D:1      | Found a faded altar of an unknown god.
   707 | D:1      | Learned a level 2 spell: Ensorcelled Hibernation
  1136 | D:1      | Gained mutation: You are afflicted with vampirism and can
                  | become a bat while bloodless. [Vampire growth]
  1136 | D:1      | Reached XP level 3. HP: 21/21 MP: 2/6
  1140 | D:1      | Learned a level 3 spell: Confusing Touch
  1761 | D:2      | Reached skill level 7 in Stealth
  2187 | D:2      | Reached XP level 4. HP: 27/27 MP: 7/7
  2976 | D:2      | Reached skill level 8 in Stealth
  3006 | D:2      | Reached XP level 5. HP: 35/35 MP: 5/8
  3124 | D:3      | Found a hazy altar of Hepliaklqana.
  3320 | D:3      | Found a shadowy altar of Dithmenos.
  3328 | D:3      | Became a worshipper of Dithmenos the Shadowed
  3937 | D:3      | Found a shimmering blue altar of Sif Muna.
  4107 | D:4      | Reached skill level 1 in Fighting
  4147 | D:4      | Reached skill level 9 in Stealth
  4147 | D:4      | Reached XP level 6. HP: 43/43 MP: 9/9
  4151 | D:4      | Learned a level 3 spell: Tukima's Dance
  4198 | D:4      | Found a hide-covered altar of Uskayaw.
  4339 | D:4      | Got the Disquisition on Cankerous Heat
  4565 | D:5      | Entered Level 5 of the Dungeon
  4679 | D:5      | Reached skill level 10 in Stealth
  4885 | D:5      | Reached XP level 7. HP: 50/50 MP: 10/10
  5093 | D:5      | Reached skill level 5 in Short Blades
  5128 | D:5      | Reached skill level 5 in Hexes
  5461 | D:5      | Reached * piety under Dithmenos
  6055 | D:6      | Found a basalt altar of Yredelemnul.
  6304 | D:6      | Reached XP level 8. HP: 28/58 MP: 11/11
  6449 | D:6      | Found a glowing drain.
  6453 | Sewer    | Entered a sewer
  6554 | Sewer    | Noticed Purgy
  6559 | Sewer    | Killed Purgy
  6761 | D:6      | Reached skill level 1 in Ice Magic
  7001 | D:6      | Noticed Maggie
  7560 | D:6      | Killed Maggie
  7561 | D:6      | Reached skill level 11 in Stealth
  7561 | D:6      | Reached XP level 9. HP: 65/65 MP: 12/12
  8370 | D:7      | Reached skill level 5 in Dodging
  8549 | D:7      | Found a runed translucent door.
  8556 | D:7      | Found the +10 tower shield of Ignorance {rN+ Int-4}
  8562 | D:7      | Found a runed translucent door.
  8569 | D:7      | Noticed an orange crystal statue
  8569 | D:7      | Noticed an orange crystal statue
  8569 | D:7      | Noticed an orange crystal statue
  8569 | D:7      | Noticed an orange crystal statue
  8674 | D:7      | Found a burning altar of Makhleb.
  8676 | D:7      | You fall into a shaft and drop 3 floors!
  8676 | D:10     | Entered Level 10 of the Dungeon
  8754 | D:9      | Reached ** piety under Dithmenos
  8787 | D:8      | Noticed Psyche
  8801 | D:8      | Killed Psyche
  8802 | D:8      | Reached skill level 12 in Stealth
  8932 | D:8      | Reached skill level 1 in Shields
  9323 | D:8      | Gained mutation: Your body sometimes deteriorates upon
                  | taking damage. [potion of mutation]
  9323 | D:8      | Gained mutation: You sometimes lose the ability to read
                  | scrolls when taking damage. [potion of mutation]
  9323 | D:8      | Gained mutation: You are partially covered in iridescent
                  | scales. (AC +2) [potion of mutation]
  9353 | D:8      | Lost mutation: You sometimes lose the ability to read
                  | scrolls when taking damage. [potion of mutation]
  9353 | D:8      | Lost mutation: You are partially covered in iridescent
                  | scales. (AC +2) [potion of mutation]
  9353 | D:8      | Lost mutation: Your body sometimes deteriorates upon taking
                  | damage. [potion of mutation]
  9353 | D:8      | Gained mutation: Your body sometimes deteriorates upon
                  | taking damage. [potion of mutation]
  9353 | D:8      | Gained mutation: You tend to lose your temper in combat.
                  | [potion of mutation]
  9354 | D:8      | Lost mutation: Your body sometimes deteriorates upon taking
                  | damage. [potion of mutation]
  9354 | D:8      | Lost mutation: You tend to lose your temper in combat.
                  | [potion of mutation]
  9354 | D:8      | Gained mutation: You are agile. (Dex +2) [potion of
                  | mutation]
  9409 | D:8      | Found an ancient bone altar of Kikubaaqudgha.
  9409 | D:8      | Noticed a kobold demonologist
  9416 | D:8      | Reached *** piety under Dithmenos
  9562 | D:8      | Killed a kobold demonologist
  9563 | D:8      | Reached XP level 10. HP: 72/72 MP: 13/13
  9671 | D:8      | Found a snail-covered altar of Cheibriados.
  9679 | D:8      | Found a staircase to the Lair.
 10104 | D:7      | Found a staircase to the Ecumenical Temple.
 10247 | D:7      | Reached **** piety under Dithmenos
 10268 | D:7      | Reached skill level 13 in Stealth
 10345 | D:7      | Reached skill level 5 in Fighting
 10891 | D:9      | Reached skill level 14 in Stealth
 10965 | D:9      | Found a staircase to the Orcish Mines.
 11310 | D:9      | Reached ***** piety under Dithmenos
 12025 | D:10     | Reached skill level 10 in Hexes
 12362 | D:10     | Reached XP level 11. HP: 79/79 MP: 6/14
 12627 | D:10     | Found a sparkling altar of Nemelex Xobeh.
 12705 | D:10     | Learned a level 2 spell: Blink
 12960 | D:11     | Noticed Nergalle
 12967 | D:11     | Killed Nergalle
 13799 | D:12     | Noticed a seven-headed hydra
 13859 | D:11     | Killed a seven-headed hydra
 13992 | D:12     | Noticed a death knight
 14155 | D:12     | Noticed a boulder beetle
 14161 | D:12     | Killed a boulder beetle
 14269 | D:12     | Killed a death knight
 14297 | D:12     | Identified a scroll of acquirement
 14357 | D:11     | Acquired a +4 quick blade
 14603 | D:12     | Noticed a wizard
 14931 | Lair:1   | Entered Level 1 of the Lair of Beasts
 14964 | Lair:1   | Found a gate leading to a gauntlet.
 14980 | Gauntlet | Entered a Gauntlet
 14980 | Gauntlet | Found a transporter.
 15015 | Gauntlet | Found a transporter.
 15018 | Gauntlet | Found a transporter.
 15019 | Gauntlet | Found a transporter.
 15032 | Gauntlet | Found a transporter.
 15035 | Gauntlet | Found a transporter.
 15036 | Gauntlet | Found a transporter.
 15038 | Gauntlet | Noticed a harpy
 15042 | Gauntlet | Noticed a lindwurm
 15042 | Gauntlet | a moth of wrath changed into a lindwurm
 15044 | Gauntlet | a lindwurm changed into a manticore
 15047 | Gauntlet | Found a transporter.
 15048 | Gauntlet | Found a transporter.
 15048 | Gauntlet | Found a transporter.
 15056 | Gauntlet | Found a transporter.
 15059 | Gauntlet | Found a transporter.
 15060 | Gauntlet | Found a transporter.
 15073 | Gauntlet | Found a transporter.
 15104 | Gauntlet | Noticed an orb spider
 15104 | Gauntlet | Noticed a fire crab
 15106 | Gauntlet | Noticed an eight-headed hydra
 15121 | Gauntlet | an eight-headed hydra changed into a tyrant leech
 15123 | Gauntlet | Noticed a fire dragon
 15123 | Gauntlet | a tyrant leech changed into a fire dragon
 15123 | Gauntlet | an orb spider changed into a jumping spider
 15200 | Gauntlet | Noticed a minotaur
 15206 | Gauntlet | Killed a minotaur
 15207 | Gauntlet | Reached XP level 12. HP: 88/88 MP: 12/15
 15214 | Gauntlet | Identified the +0 pair of boots of the Hills {Harm rF+
                  | SInv}
 15215 | Gauntlet | Got the Volume of Glacial Flight
 15558 | Lair:1   | Noticed a five-headed hydra
 15565 | Lair:1   | Killed a five-headed hydra
 15566 | Lair:1   | Reached skill level 15 in Stealth
 15913 | Lair:1   | Found a runed translucent door.
 15913 | Lair:1   | Found a shimmering altar of Xom.
 15913 | Lair:1   | Noticed funkygono's ghost (journeyman GrFE)
 16086 | Lair:1   | Killed funkygono's ghost
 16568 | Lair:2   | Noticed an eight-headed hydra
 16575 | Lair:2   | Killed an eight-headed hydra
 16576 | Lair:2   | Reached skill level 16 in Stealth
 17601 | Lair:3   | Found a frozen archway.
 17610 | IceCv    | Entered an ice cave
 17952 | Lair:3   | Noticed a seven-headed hydra
 17959 | Lair:3   | Killed a seven-headed hydra
 18146 | Lair:3   | Reached skill level 10 in Dodging
 19042 | Lair:4   | Got the Reference Book on Harmful Malediction
 19048 | Lair:4   | Reached XP level 13. HP: 98/98 MP: 12/19
 19205 | Lair:4   | Noticed Sonja
 19212 | Lair:4   | Killed Sonja
 19223 | Lair:4   | Found a staircase to the Shoals.
 19244 | Lair:4   | Reached ****** piety under Dithmenos
 19533 | Lair:4   | Found a staircase to the Snake Pit.
 19764 | Lair:5   | Reached skill level 17 in Stealth
 20076 | Lair:5   | Found a staircase to the Slime Pits.
 20794 | Lair:6   | Entered Level 6 of the Lair of Beasts
 20874 | Lair:6   | Reached skill level 18 in Stealth
 20878 | Lair:6   | Reached skill level 10 in Fighting
 21453 | Lair:6   | Noticed Kirke
 21478 | Lair:6   | Killed Kirke
 21725 | Lair:5   | Reached skill level 15 in Hexes
 21763 | Lair:6   | Reached XP level 14. HP: 110/110 MP: 15/20
 22800 | Lair:6   | Noticed Rupert
 22814 | Lair:6   | Killed Rupert
 22883 | Lair:6   | Found a burning altar of Makhleb.
 22939 | Lair:6   | Reached skill level 19 in Stealth
 23112 | Lair:6   | Found a gateway to Hell.
 23339 | Orc:1    | Entered Level 1 of the Orcish Mines
 23405 | Orc:1    | Learned a level 3 spell: Dazzling Flash
 23406 | Orc:2    | Entered Level 2 of the Orcish Mines
 24258 | Orc:2    | Reached skill level 20 in Stealth
 24489 | Orc:2    | Noticed Nessos
 24492 | Orc:2    | Killed Nessos
 24966 | Orc:2    | Found a staircase to the Elven Halls.
 25425 | Orc:2    | Reached skill level 21 in Stealth
 25850 | Orc:2    | Found Xeobonti's Antique Armour Boutique.
 25850 | Orc:2    | Found Tuul's Weapon Boutique.
 25851 | Orc:2    | Found Ulimnu's Armour Shop.
 25851 | Orc:2    | Found Balepit's Antique Armour Boutique.
 25863 | Orc:2    | Bought an ancient robe for 148 gold pieces
 25863 | Orc:2    | Identified the +0 robe of Summer {rF+} (You bought it in a
                  | shop on level 2 of the Orcish Mines)
 25863 | Orc:2    | Bought a pair of glowing boots for 195 gold pieces
 26203 | Orc:1    | Found a transporter.
 26210 | Orc:1    | Noticed an orc warlord
 26307 | Orc:1    | Found a transporter.
 26408 | Orc:1    | Killed an orc warlord
 26418 | Orc:1    | Reached XP level 15. HP: 87/117 MP: 6/21
 26423 | Orc:1    | Identified the +0 pair of gloves of Ennui {rF- rCorr Str+5}
 26433 | Orc:1    | Got the Guide on Toxins and Ice
 27026 | Orc:2    | Bought a pair of gloves for 117 gold pieces
 27245 | D:13     | Identified the +1 cloak of the Desert {MP+9 Stlth+}
 27792 | D:13     | Found Xaop's Armour Shoppe.
 27861 | D:13     | Learned a level 4 spell: Cause Fear
 28886 | D:14     | Found a gate to the Vaults.
 29120 | D:15     | Entered Level 15 of the Dungeon
 29286 | D:15     | Found a portal to a secret trove of treasure.
 29857 | D:15     | Found an opulent altar of Gozag.
 30065 | D:15     | Paralysed by a great orb of eyes for 3 turns
 30156 | D:15     | Found a staircase to the Depths.
 30671 | Orc:2    | Bought 5 datura-tipped darts for 24 gold pieces
 30874 | Snake:1  | Entered Level 1 of the Snake Pit
 31128 | Snake:1  | Noticed Aizul
 31253 | Snake:1  | Quit the game

Illustrated notes

Levels and vault maps discovered:
D:1:      sevenhm_arrival_forest_fort_large_4, layout_basic,
          basic_ecumenical_altar, kennysheep_decorative_pillar,
          minmay_misc_feat_plants
D:2:      layout_loops_corners
D:3:      wad_pebble_path, layout_basic, kennysheep_orc_sif_temple,
          mainiacjoe_overflow_surrounded_room, old_standard_altar,
          chequers_hall_statues_wall_a
D:4:      layout_rooms, nicolae_overflow_hidden_temple
D:5:      layout_basic
D:6:      layout_layer_cave, mainiacjoe_overflow_paths, gup_sewer_entry_spiral,
          uniq_maggie
D:7:      layout_rooms, lemuel_tele_altar, makhleb_heckhound_becter,
          minmay_temple_entry_tees, chequers_guarded_unrand_ignorance
D:8:      wander_kiku_kobolds, layout_cave_pods, slow_altar_1, lair_entry_dummy,
          uniq_psyche
D:9:      layout_long_grid, hiddenorc2_lemuel
D:10:     layout_cave_pools, nemelex_xobeh_ov_fountains_minmay
D:11:     layout_roguey, kennysheep_nub, elyvilon_altar_1, uniq_nergalle
D:12:     minmay_blocky_corners, layout_loops_ring
D:13:     layout_loops_cross, serial_shops, nicolae_stop_n_shop_1,
          amcnicky_mini_rare_corridor_liquid
D:14:     layout_loops_ring, erik_vaults_1, minmay_misc_feat_square,
          kennysheep_small_spiral
D:15:     gammafunk_enter_depths_forms, layout_small_grid, enter_trove_5,
          grunt_gozag_statues
Lair:1:   layout_regular_city, ebering_ghost_xom, gauntlet_entry_generic,
          grunt_megastairs_4, infiniplex_staircase_pool,
          minmay_lair_oklob_chamber, serial_bayou_shore_a
Lair:2:   beast_lair_carwin_large_2, layout_small_grid
Lair:3:   layout_layer_cave, portal_ice_cave_entry_pillars_1,
          columned_hall_lemuel, eino_house_with_fridge, grunt_megastairs_2
Lair:4:   layout_hall_layers, elwin_shoals_entry_rocks, dummy_snake_entry,
          uniq_sonja
Lair:5:   layout_loops_ring, minmay_slime_entry_pillars,
          infiniplex_staircase_pool_2, grunt_megastairs_3
Lair:6:   evil_forest, layout_cave_pods, uniq_rupert, uniq_kirke
Snake:1:  layout_onion, minmay_shoptagon, serial_bayou_shore_b, uniq_aizul
Snake:2:  layout_honeycomb, nicolae_coiled_stairwell_down
Orc:1:    gammafunk_beogh_shrine, layout_caves
Orc:2:    st_orc_pillars, layout_caves, basic_altar, uniq_nessos

Skill      XL: |  1  2  3  4  5  6  7  8  9 10 11 12 13 14 15 |
---------------+----------------------------------------------+-----
Stealth        | 5 6 7 8 9 10 11 12 14 16 18 21 | 21.0
Short Blades   | 2 3 4 5 6 7 8 9 |  9.5
Fighting       | 1 2 3 4 5 6 8 10 12 | 12.0
Hexes          | 7 8 10 13 14 15 16 19 | 19.4
Dodging        | 4 6 7 10 11 12 | 12.3
Ice Magic      | 2 4 |  4.0
Shields        | 4 |  4.0
Translocations | 2 |  2.0
Spellcasting   | 4 |  4.0

Action                   |  1- 3 |  4- 6 |  7- 9 | 10-12 | 13-15 || total
-------------------------+-------+-------+-------+-------+-------++-------
Melee: Dagger            |    88 |       |   142 |   396 |       ||   626
       Bite              |     7 |     4 |    21 |    49 |    80 ||   161
       Short sword       |    23 |    67 |   208 |     7 |       ||   305
       Quick blade       |       |       |       |   258 |   807 ||  1065
Throw: Boomerang         |     8 |       |       |       |       ||     8
       Dart              |       |       |     5 |       |       ||     5
 Cast: Ensorcelled Hiber |    28 |    31 |    58 |   109 |   278 ||   504
       Tukima's Dance    |       |     1 |     7 |     4 |    40 ||    52
       Confusing Touch   |       |       |    12 |    48 |    39 ||    99
       Corona            |       |       |     1 |       |       ||     1
       Blink             |       |       |       |     4 |    11 ||    15
       Dazzling Flash    |       |       |       |       |    28 ||    28
       Cause Fear        |       |       |       |       |     3 ||     3
Invok: Shadow Step       |       |       |       |       |     1 ||     1
 Abil: Exsanguinate      |     1 |       |       |     1 |       ||     2
       Revivify          |     1 |       |       |     1 |       ||     2
Evoke: Wand              |       |       |       |     4 |     6 ||    10
       Box of beasts     |       |       |       |       |     1 ||     1
  Use: Scroll            |       |     2 |     4 |    18 |    11 ||    35
       Potion            |       |       |     7 |     2 |     9 ||    18
 Stab: Sleeping          |    27 |    36 |    40 |   114 |   195 ||   412
       Confused          |       |       |     9 |    38 |    45 ||    92
       Petrifying        |       |       |     1 |       |       ||     1
       Distracted        |       |       |       |     1 |     3 ||     4
       Invisible         |       |       |       |       |    40 ||    40
       Fleeing           |       |       |       |       |     3 ||     3
Armor: Robe              |    47 |     2 |    12 |       |       ||    61
       Skin              |       |       |     5 |       |       ||     5
       Troll leather arm |       |       |    46 |    59 |    58 ||   163
Dodge: Dodged            |   127 |    24 |   220 |   299 |   295 ||   965
Block: Buckler           |       |       |    15 |   105 |   206 ||   326
       Reflection        |       |       |       |       |    12 ||    12
